 Dungeon Crawl Stone Soup version 0.30-a0-639-g3916f1956a (webtiles) character file.

Game seed: 4436548000700296517

250 Mitcholas the Chopper (level 6, -11/37 HPs)
             Began as a Gargoyle Fighter on Jan 16, 2023.
             Killed by divine providence
             ... invoked by an orc priest
              (15 damage)
             ... on level 3 of the Dungeon.
             The game lasted 00:03:54 (2149 turns).

Mitcholas the Chopper (Gargoyle Fighter)            Turns: 2149, Time: 00:03:55

Health: -11/37     AC: 13    Str: 21    XL:     6   Next: 13%
Magic:  6/6        EV:  9    Int:  9    God:
Gold:   117        SH:  4    Dex:  9    Spells: 5/5 levels left

rFire   . . .      SeeInvis .    a - +0 war axe
rCold   . . .      Faith    .    c - +0 buckler
rNeg    + . .      Spirit   .    b - +0 scale mail
rPois   ∞          Reflect  .    (no helmet)
rElec   +          Harm     .    (no cloak)
rCorr   .          Rampage  .    l - +0 pair of gloves
Will    .....                    n - +0 pair of boots Stlth
                                 (no amulet)
HPRegen 0.26/turn                (no ring)
MPRegen 0.10/turn                (no ring)

@: no status effects
A: sickness immunity, AC +4, negative energy resistance 1, electricity
resistance, torment resistance 1, petrification resistance
a: no special abilities


You were on level 3 of the Dungeon.
You visited 1 branch of the dungeon, and saw 5 of its levels.
You also visited: Sewer.

You collected 117 gold pieces.

Inventory:

Hand Weapons
 a - a +0 war axe (weapon)
Missiles
 e - a throwing net (quivered)
 u - 3 atropa-tipped darts
Armour
 b - a +0 scale mail (worn)
 c - a +0 buckler (worn)
 l - a +0 pair of gloves (worn)
 n - a +0 pair of boots (worn)
Jewellery
 t - an amulet of the acrobat
Scrolls
 f - a scroll of amnesia {unknown}
 g - 2 scrolls of teleportation {unknown}
 h - 2 scrolls of identify {unknown}
 i - a scroll of noise {unknown}
 j - 2 scrolls of magic mapping {unknown}
 m - a scroll of enchant weapon {unknown}
 o - a scroll of enchant armour {unknown}
Potions
 d - 2 potions of might
 k - 2 potions of brilliance {unknown}
 p - a potion of cancellation {unknown}
 q - a potion of mutation {unknown}
 r - a potion of heal wounds {unknown}
 s - a potion of invisibility {unknown}


   Skills:
 - Level 3.2 Fighting
 + Level 5.7 Axes
 - Level 3.2 Armour
 - Level 3.2 Shields


You had 5 spell levels left.
You didn't know any spells.
Your spell library contained the following spells:

 Spells                   Type           Power      Damage    Failure   Level
 Stone Arrow              Conj/Erth      0%         3d7       99%         3
 Animate Armour           Summ/Erth      0%         N/A       100%        4
 Lehudib's Crystal Spear  Conj/Erth      0%         10d2      100%        8


Dungeon Overview and Level Annotations

Branches:
Dungeon (5/15)              Sewer (visited)
 Temple: D:4-7

Altars:
Hepliaklqana
Wu Jian

Annotations:
D:2 1 runed translucent door, Crazy Yiuf


Innate Abilities, Weirdness & Mutations

You are immune to sickness and miasma.
Your stone body is resilient. (AC +4)
You are immune to poison.
You resist negative energy. (rN+)
You are resistant to electric shocks. (rElec)
You are resistant to unholy torment.
You are immune to petrification.


Message History

You are too injured to fight recklessly!
You are too injured to fight recklessly!
You are too injured to fight recklessly!
You are too injured to fight recklessly!
You are too injured to fight recklessly!
You are too injured to fight recklessly!
You are too injured to fight recklessly!
You are too injured to fight recklessly!
You are too injured to fight recklessly!
You are too injured to fight recklessly!
You are too injured to fight recklessly!
You are too injured to fight recklessly!
You are too injured to fight recklessly!
You closely miss something.
The kobold throws a poisoned dart.
Something hits you but does no damage.
You miss something.
Reactivating autopickup.
You feel a bit more experienced. The kobold barely misses you.
You closely miss the kobold. The kobold closely misses you.
You barely miss the kobold. The kobold hits you but does no damage.
You hit the kobold.
You kill the kobold!
The orc priest mumbles some strange prayers to Beogh against you.
Pain shoots through your body!
You closely miss the orc priest.
The orc priest hits you with a +1 heavy mace!
* * * LOW HITPOINT WARNING * * *
You barely miss the orc priest.
The orc priest hits you with a +1 heavy mace.
* * * LOW HITPOINT WARNING * * *
You closely miss the orc priest. You closely miss the orc priest.
The orc priest barely misses you.
You closely miss the orc priest.
The orc priest hits you with a +1 heavy mace.
* * * LOW HITPOINT WARNING * * *
You hit the orc priest.
The orc priest is moderately wounded.
The orc priest calls down the wrath of Beogh upon you.
Beogh smites you!
You die...

#######
#...)@#
#.###o#
#w# #.#
... ###


You could see an orc priest and a dart slug.

Vanquished Creatures
  2 jellies (Sewer)
  5 adders
  2 river rats (D:5)
  3 worms
  2 dart slugs
  3 orcs
  11 ball pythons
  3 bats (D:2)
  18 endoplasms
  7 giant cockroaches
  2 goblins
  4 hobgoblins
  5 jackals
  2 quokkas
  7 frilled lizards
  5 kobolds
  14 rats
95 creatures vanquished.

Vanquished Creatures (others)
  An orc wizard (D:3)
1 creature vanquished.

Grand Total: 96 creatures vanquished

Notes
Turn   | Place    | Note
-------+----------+-------------------------------------------
     0 | D:1      | Mitcholas the Gargoyle Fighter began the quest for the Orb.
     0 | D:1      | Reached XP level 1. HP: 14/14 MP: 1/1
    29 | D:1      | Reached skill level 2 in Axes
    52 | D:1      | Reached XP level 2. HP: 19/19 MP: 2/2
   103 | D:1      | Found a faded altar of an unknown god.
   264 | D:1      | Reached skill level 3 in Axes
   334 | D:1      | Reached XP level 3. HP: 23/23 MP: 3/3
   696 | D:2      | Found a runed translucent door.
   697 | D:2      | Noticed Crazy Yiuf
   862 | D:2      | Found a hazy altar of Hepliaklqana.
   901 | D:2      | Reached XP level 4. HP: 26/28 MP: 4/4
  1554 | D:3      | You fall into a shaft and drop 2 floors!
  1554 | D:5      | Entered Level 5 of the Dungeon
  1612 | D:5      | Reached skill level 4 in Axes
  1632 | D:5      | Found a glowing drain.
  1640 | Sewer    | Entered a sewer
  1746 | Sewer    | Reached XP level 5. HP: 30/32 MP: 5/5
  1876 | Sewer    | Found a viscous altar of Jiyva.
  1881 | Sewer    | Reached skill level 5 in Axes
  1976 | Sewer    | Reached XP level 6. HP: 36/37 MP: 6/6
  2099 | D:4      | Found an ornate altar of the Wu Jian Council.
  2149 | D:3      | Killed from afar by an orc priest

Illustrated notes

Levels and vault maps discovered:
D:1:      saegor_arrival_simple_a, layout_rooms,
          ebering_ecumenical_altar_abandoned, minmay_cut_off
D:2:      layout_loops_cross, basic_altar, uniq_crazy_yiuf_cottage
D:3:      layout_loops_corners, amcnicky_mini_corridor_feature, uniq_robin,
          uniq_sigmund
D:4:      wander_river, layout_cave_pods, pdpol_wu_jian_five_deadly_venoms,
          uniq_natasha
D:5:      layout_loops_ring, hellmonk_okawaru_the_only_friend_you_need,
          gammafunk_ghost_mausoleum, portal_sewer_entry_e, minmay_checkerbox,
          uniq_blork_the_orc, uniq_menkaure

Skill      XL: |  1  2  3  4  5 |
---------------+----------------+-----
Axes           | 2 3 4 5 |  5.7
Fighting       | |  3.2
Armour         | |  3.2
Shields        | |  3.2

Action                   |  1- 3 |  4- 6 || total
-------------------------+-------+-------++-------
Melee: War axe           |    95 |   176 ||   271
Armor: Scale mail        |    62 |   111 ||   173
Dodge: Dodged            |    51 |    98 ||   149
Block: Buckler           |    19 |    40 ||    59

Table legend: (Time is in decaauts)
 A = Elapsed time spent in this place.
 B = Non-inter-level travel time spent in this place.
 C = Inter-level travel time spent in this place.
 D = Time resting spent in this place.
 E = Time spent auto-exploring this place.
 F = Levels seen in this place.
 G = Mean time per level.
                   A        B        C        D        E       F      G
               +--------+--------+--------+--------+--------+-----+--------+
         Total |   2273 |   2145 |    128 |      0 |   1491 |   6 |  378.8 |
       Dungeon |   1861 |   1733 |    128 |      0 |   1311 |   5 |  372.2 |
         Sewer |    412 |    412 |      0 |      0 |    180 |   1 |  412.0 |
               +--------+--------+--------+--------+--------+-----+--------+

Top non-repeatable levels by time:
     D:2: 972 daAuts
     D:1: 581 daAuts
   Sewer: 412 daAuts
     D:5: 144 daAuts
     D:4: 88 daAuts
     D:3: 73 daAuts
